 Dungeon Crawl Stone Soup version 0.30.1 (webtiles) character file.

Game seed: 11976558421814600685

77 wingedge the Trooper (level 3, -3/46 HPs)
             Began as a Demigod Wanderer on July 6, 2023.
             Slain by Sigmund
             ... wielding a +0 scythe
              (6 damage)
             ... on level 3 of the Dungeon.
             The game lasted 00:09:49 (2240 turns).

wingedge the Trooper (Demigod Wanderer)             Turns: 2240, Time: 00:09:49

Health: -3/46      AC: 21    Str: 14    XL:     3   Next: 91%
Magic:  5/6        EV:  2    Int: 18    God:
Gold:   148        SH:  0    Dex: 12    Spells: 3/4 levels left

rFire   . . .        b - +2 dagger (venom)
rCold   . . .        (no shield)
rNeg    . . .        f - melded +0 ring mail
rPois   +            (helmet currently unavailable)
rElec   .            (cloak currently unavailable)
rCorr   .            (gloves currently unavailable)
SInv    .            (boots currently unavailable)
Will    .....        (no amulet)
Stlth   ++           (no ring)
HPRegen 0.27/turn    (no ring)
MPRegen 0.10/turn

%: no passive effects
@: tree-form
A: stationary, stasis, torment immunity, boosted hp, high MP 1, forlorn, divine
attributes
a: no special abilities


You were on level 3 of the Dungeon.
You were a tree.
You visited 1 branch of the dungeon, and saw 3 of its levels.

You collected 148 gold pieces.

Inventory:

Hand Weapons
 a - a +1 double sword of holy wrath
 b - a +2 dagger of venom (weapon)
Armour
 e - a +0 robe
 f - a +0 ring mail (melded)
 h - a +0 leather armour
Magical Staves
 i - the staff of fire "Yhi Essa" {*Slow rPois rF+ rCorr Str-4}
   (You acquired it on level 2 of the Dungeon)

   [staff of fire]

   Base accuracy: +5 Base damage: 5 Base attack delay: 1.2 This weapon's minimum
   attack delay (0.6) is reached at skill level 12.
   Str:       It affects your strength (-4).
   rF:        It protects you from fire.
   rPois:     It protects you from poison.
   rCorr:     It protects you from acid and corrosion.
   *Slow:     It may slow you when you take damage.
   It falls into the 'Staves' category.
   It is a one-handed weapon.
Scrolls
 d - a scroll of fog
 j - 2 scrolls of fear {unknown}
 l - a scroll of amnesia {unknown}
 m - 2 scrolls of magic mapping {unknown}
 o - a scroll of immolation {unknown}
Miscellaneous
 c - a piece from Xom's chessboard (15/15)


   Skills:
 - Level 3.1 Fighting
 + Level 1.3 Long Blades
 - Level 1.0 Dodging
 - Level 3.0 Stealth
 - Level 1.0 Spellcasting
 - Level 2.6 Hexes
 - Level 1.0 Evocations


You had 3 spell levels left.
You knew the following spells:

 Your Spells              Type           Power      Damage    Failure   Level
a - Slow                  Hex            40%        N/A       7%          1

Your spell library contained the following spells:

 Spells                   Type           Power      Damage    Failure   Level
 Dazzling Flash           Conj/Hex       10%        N/A       34%         3


Dungeon Overview and Level Annotations

Branches:
Dungeon (3/15)

Annotations:
D:3 Sigmund


Innate Abilities, Weirdness & Mutations

You are a tree.
Your roots penetrate the ground, keeping you stationary.
You cannot be teleported.
You are immune to unholy pain and torment.
Your maximum health is greatly increased.
Your equipment is partially melded.
You have an increased reservoir of magic. (+10% MP)
You shall have no god before yourself.
Your divine heritage dramatically boosts your attributes as you level up.


Message History

You hit Sigmund but do no damage.
Sigmund looks as sick as possible!
Sigmund is lightly wounded.
Sigmund zaps a wand.
The puff of flame hits you! The goblin barely misses you.
You feel better. The goblin hits you with a +0 dagger.
Sigmund zaps a wand.
The puff of flame hits you.
You barely miss Sigmund.
Sigmund is lightly wounded.
The goblin hits you but does no damage. Sigmund hits you with a +0 scythe.
You feel better. The goblin hits you with a +0 dagger.
Sigmund points at you and mumbles some strange words.
The magic dart hits you!
* * * LOW HITPOINT WARNING * * *
Unknown command.
Blink to where?
Press: ? - help, Dir - move target
As you read the scroll of blinking, it crumbles to dust.
As you read the scroll of fog, it crumbles to dust.
The scroll dissolves into smoke.
The goblin closely misses you. The goblin hits you with a +0 dagger.
* * * LOW HITPOINT WARNING * * *
Sigmund gestures at you while chanting. The magic dart hits you.
* * * LOW HITPOINT WARNING * * *
You see here an adder corpse.
You feel better. The goblin barely misses you.
Sigmund zaps a wand.
The puff of flame hits you.
* * * LOW HITPOINT WARNING * * *
It was a potion of lignification.
You turn into a tree.
Your +0 ring mail melds into your body.
Your roots penetrate the ground.
The goblin hits you but does no damage. Sigmund gestures at you while chanting.
The puff of flame hits you but does no damage.
Aiming: Slow (safe; 7% risk of failure)
Press: ? - help, Q - select action, (/) - cycle Shift-Dir - straight line, f - goblin
Aim: a goblin, wielding a +0 dagger (grey smoke, chance to affect: 62%)
The goblin resists with significant effort.
The goblin hits you with a +0 dagger.
* * * LOW HITPOINT WARNING * * *
Sigmund hits you from afar with a +0 scythe.
You die...

.. .# #####.# #.....# # #
#.[.§.#.# #.###.###.##.#
#.#..?§§@§§....#
.......§§g§#########
##.....§§§♣§..!.....
###########.###### #.#
...# #.#....#
###############......#
####..............##.####
..................##...
#.....................
#.######...............


You could see Sigmund (very poisoned) and a goblin.

Vanquished Creatures
  3 adders
  2 dart slugs
  4 bats (D:1)
  2 endoplasms
  3 giant cockroaches
  2 hobgoblins (D:1)
  2 jackals (D:1)
  2 quokkas
  4 ball pythons
  4 frilled lizards (D:1)
  5 goblins
  8 kobolds
  7 rats
48 creatures vanquished.

Notes
Turn   | Place    | Note
-------+----------+-------------------------------------------
     0 | D:1      | wingedge the Demigod Wanderer began the quest for the Orb.
     0 | D:1      | wingedge set off with the following items: a +2 dagger, a
                  | scroll of blinking, a piece from Xom's chessboard (15/15),
                  | a scroll of fog, a +0 robe; and the following spell
                  | memorised: Slow; and the following spells available to
                  | memorise: Dazzling Flash.
     0 | D:1      | Reached XP level 1. HP: 16/16 MP: 4/4
   180 | D:1      | Reached XP level 2. HP: 23/24 MP: 5/5
   745 | D:1      | Reached XP level 3. HP: 28/30 MP: 6/6
  1334 | D:2      | Identified 2 scrolls of acquirement
  1336 | D:2      | Acquired a +1 double sword of holy wrath
  1337 | D:2      | Acquired the staff of fire "Yhi Essa" {*Slow rPois rF+
                  | rCorr Str-4}
  1661 | D:2      | Reached skill level 1 in Long Blades
  2220 | D:3      | Noticed Sigmund
  2240 | D:3      | Slain by Sigmund

Illustrated notes

Levels and vault maps discovered:
D:1:      dpeg_arrival_round_b, layout_loops_ring,
          chequers_serial_rivers_small_3, minmay_tree_intersection
D:2:      layout_basic, basic_altar, hellmonk_ecumenical_altar_slurped_away,
          roderic_lattice_a
D:3:      layout_basic, uniq_jessica, uniq_sigmund

Skill      XL: |  1  2  3 |
---------------+----------+-----
Stealth        | 3 |  3.0
Fighting       | 2 3 |  3.1
Long Blades    | 1 |  1.3
Dodging        | |  1.0
Spellcasting   | |  1.0
Hexes          | |  2.6
Evocations     | |  1.0

Action                     || total
---------------------------++-------
  Melee: Dagger            ||   136
         Double sword      ||    19
   Cast: Slow              ||     2
    Use: Scroll            ||     7
         Potion            ||     5
   Stab: Distracted        ||     2
         Sleeping          ||     5
 Armour: Ring mail         ||    46
         Skin              ||     2
  Dodge: Dodged            ||    71
